 Dungeon Crawl Stone Soup version 0.17-a0-1481-gfdcec5c (webtiles) character file.

247196 patman the Fencer (level 20, -2/161 HPs)
             Began as a Human Artificer on July 3, 2015.
             Was a High Priest of Cheibriados.
             Hit by a large rock thrown by Polyphemus (25 damage)
             ... on level 4 of the Shoals on July 4, 2015.
             The game lasted 02:07:54 (42624 turns).

patman the Fencer (Human Artificer)                Turns: 42624, Time: 02:07:55

Health: -2/161     AC: 34    Str: 27    XL:     20   Next: 31%
Magic:  29/36      EV: 24    Int: 25    God:    Cheibriados [*****.]
Gold:   823        SH:  0    Dex: 34    Spells: 3 memorised, 13 levels left

rFire  . . .     SeeInvis .     a - +11 great sword "Dragon's Tongue" {elec, MP+9}
rCold  . . .     Clarity  .     C - +4 plate armour {rN+}
rNeg   + + .     SustAt   .     (no shield)
rPois  .         Gourm    .     S - +2 hat
rElec  .         Spirit   .     O - +1 cloak {MR+}
rCorr  .         Warding  +     d - +2 pair of gloves {Dex+3}
rMut   .         Stasis   .     F - +2 pair of boots
MR     +++..                    A - amulet of warding
Stlth  ..........               n - ring of protection from magic
                                X - +2 ring of slaying

@: very slightly contaminated, very slow, extremely resistant to hostile
enchantments, extremely unstealthy
A: antennae 1, spit poison 1
a: Spit Poison, Bend Time, Temporal Distortion, Slouch, Step From Time, Renounce
Religion
}: 2/15 runes: serpentine, barnacled


You were on level 4 of the Shoals.
You worshipped Cheibriados.
Cheibriados was extremely pleased with you.
You were not hungry.

You visited 5 branches of the dungeon, and saw 31 of its levels.
You also visited: Bailey and Ice Cave.

You collected 3194 gold pieces.
You spent 2371 gold pieces at shops.

Inventory:

Hand weapons
 a - the +11 great sword "Dragon's Tongue" (weapon) {elec, MP+9}
   (You bought it in a shop on level 3 of the Orcish Mines)

   Occasionally, upon striking a foe, it will discharge some electrical energy
   and cause terrible harm.
   It affects your magic capacity (+9).
 b - a +1 scimitar of flaming
Missiles
 K - 9 throwing nets
 W - 88 javelins (quivered)
Armour
 d - a +2 pair of gloves of dexterity (worn)
 C - a +4 plate armour of positive energy (worn)
 F - a +2 pair of boots (worn)
 J - the +2 pair of boots of Unambiguity {*Confuse rPois Str+6 Dex+4}
   (You bought it in a shop on level 4 of the Orcish Mines)

   It affects your strength (+6).
   It affects your dexterity (+4).
   It protects you from poison.
   It may confuse you when you take damage.
 O - a +1 cloak of magic resistance (worn)
 S - a +2 hat (worn)
 U - a +1 plate armour of fire resistance
Jewellery
 n - a ring of protection from magic (right hand)
 q - an uncursed ring of flight
 s - an uncursed ring of protection from fire
 A - an amulet of warding (around neck)
 T - an uncursed amulet of resist corrosion
 V - an uncursed ring of poison resistance
 X - a +2 ring of slaying (left hand)
 Z - a +2 ring of protection
Magical devices
 l - a wand of heal wounds (2)
 p - a wand of fire (5)
 I - a wand of draining (9)
 L - a wand of disintegration (10)
 M - a wand of teleportation (4)
 N - a wand of digging (14)
 P - a wand of cold (7)
Scrolls
 g - 10 scrolls of enchant weapon
 j - 3 scrolls of amnesia
 k - 7 scrolls of magic mapping
 m - 10 scrolls of teleportation
 r - 15 scrolls of remove curse
 u - 2 scrolls of holy word
 w - 5 scrolls of identify
 y - 2 scrolls of blinking
 G - a scroll of fear
 Q - a scroll of recharging
 Y - a scroll of summoning
Potions
 c - 3 potions of agility
 e - 3 potions of ambrosia
 h - 10 potions of curing
 i - 2 potions of might
 o - 5 potions of invisibility
 t - 3 potions of flight
 B - 2 potions of cancellation
 D - 3 potions of brilliance
 H - a potion of resistance
 R - 3 potions of cure mutation
Comestibles
 f - 14 bread rations
 x - 3 chunks of flesh
 z - 19 fruits
 E - 3 meat rations


   Skills:
 * Level 14.8 Fighting
   Level 1.0(12.2) Short Blades
 - Level 18.0 Long Blades
 - Level 17.4 Armour
 - Level 15.0 Dodging
 - Level 1.0 Stealth
 - Level 10.2 Invocations
 - Level 3.0 Evocations


You had 13 spell levels left.
You knew the following spells:

 Your Spells              Type           Power        Failure   Level  Hunger
a - Apportation           Tloc           #.........   77%         1    ##.....
b - Blink                 Tloc           N/A          92%         2    ###....
R - Regeneration          Chrm/Necr      #.........   99%         3    ####...


Dungeon Overview and Level Annotations

Branches:
Dungeon (11/15)            Temple (0/1) D:4            Lair (8/8) D:9
 Shoals (4/4) Lair:5        Snake (4/4) Lair:3        Slime (0/6) Lair:8
    Orc (4/4) D:11            Elf (0/3) Orc:4

Altars:
Ashenzari
Cheibriados
Gozag
Makhleb
Nemelex Xobeh
Qazlal
Ru
Vehumet
Beogh
Jiyva

Shops:
D:10 *   D:11 *   Orc:2 (   Orc:3 :*(   Orc:4 ([**   Shoals:3 *   Snake:2 !

Annotations:
Lair:6 exclusion: 2 oklob plants
Lair:8 1 runed door
Shoals:4 Polyphemus


Innate Abilities, Weirdness & Mutations

You have a pair of small antennae on your head.
You can spit weak poison.


Message History

Unknown command.
Unknown command.
Unknown command.
Unknown command.
Unknown command.
Unknown command.
Read which item? (? for menu, Esc to quit)
You cannot read scrolls while unable to breathe!
Unknown command.
Unknown command.
Unknown command.
Unknown command.
Unknown command.
You slice the water elemental!!
You destroy the water elemental!
Cheibriados appreciates the change of pace.
You gasp with relief as air once again reaches your lungs.
The death yak closely misses you.
Polyphemus throws a large rock.
The large rock hits you!!
You die...

≈≈≈≈≈≈≈≈≈≈≈≈≈≈≈≈≈≈≈.....<......
≈≈≈≈≈≈≈≈≈...≈≈≈≈≈≈≈...[........
≈≈≈≈≈≈≈≈≈.....≈≈≈≈≈............
≈≈≈≈##'##......≈≈≈.†..........
≈ ##)≈†##......≈##†##........
#≈≈≈≈≈#......##†).##.......
#≈≈)≈≈#.....(#≈≈...#....... ≈
#≈≈≈≈≈#......#≈≈.≈.#.......
≈≈##≈≈≈##...@Y.#≈≈:≈.#.......
≈≈≈#####....†..##≈≈≈##≈≈...≈≈
≈≈≈.......CH...≈#####≈≈≈...≈≈
≈≈≈≈≈≈.....(....≈≈≈≈≈≈.≈...≈≈
≈≈≈≈≈≈≈)≈........≈≈≈≈..≈≈.≈≈≈
≈≈≈≈≈≈≈≈≈........≈≈≈≈≈.≈≈≈≈≈≈
≈≈≈≈≈≈≈≈≈≈.......≈≈≈≈≈.≈≈≈≈≈≈
≈≈≈≈≈..≈≈.......≈≈≈≈≈≈..≈≈≈≈≈
≈≈≈≈≈...........≈≈≈≈≈≈...≈≈≈≈


You could see Polyphemus, a death yak and a manticore (petrified).

Vanquished Creatures
  Vashnia (Snake:4)
  Jorgrun (Shoals:4)
  A kraken (Shoals:2)
  The ghost of Duffy the Bludgeoner, a mighty GrMo of Cheibriados (Snake:2)
  10 greater nagas
  Maud (Orc:3)
  An orc warlord (Orc:4)
  Aizul (Snake:1)
  A stone giant (Orc:4)
  7 merfolk javelineers
  Erolcha (D:9)
  10 merfolk impalers
  Josephine (D:11)
  An ice dragon (Lair:1)
  24 naga warriors
  3 catoblepae
  Erica (D:11)
  A merfolk avatar (Shoals:1)
  An alligator snapping turtle (Shoals:4)
  10 anacondas
  12 hydras
  3 merfolk aquamancers (Shoals:4)
  An orc high priest (Orc:4)
  6 death yaks
  19 naga sharpshooters
  14 shock serpents
  10 spriggans (Lair:8)
  2 ice devils (IceCv)
  4 salamander mystics
  9 sea snakes
  11 naga ritualists
  A hill giant (D:10)
  5 ice statues
  A necromancer (IceCv)
  5 harpies (Shoals:4)
  The ghost of hexophile the Magician, an experienced NaWz (D:8)
  9 griffons
  6 orc knights
  An ugly thing (D:11)
  7 fauns
  12 mana vipers
  9 water nymphs
  4 manticores
  10 sirens
  8 salamanders
  A cyclops (Shoals:2)
  7 guardian serpents
  Maurice (Orc:1)
  55 black mambas
  6 elephants
  31 naga magi
  2 torpor snails
  11 spiny frogs
  5 komodo dragons
  A queen bee (D:9)
  A spriggan druid (Lair:8)
  5 blue devils (IceCv)
  6 polar bears
  30 merfolk
  3 fire drakes
  3 trolls
  39 blink frogs
  5 snapping turtles
  Sigmund (D:2)
  6 redbacks (Lair:8)
  A wyvern (Lair:4)
  6 basilisks
  4 water elementals
  3 hungry ghosts
  A deep elf mage (D:10)
  14 hippogriffs
  A soldier ant (D:11)
  2 mottled dragons (D:11)
  Menkaure (D:7)
  5 wraiths (D:11)
  50 yaks
  2 wargs
  24 wolves
  28 water moccasins
  76 nagas
  3 wasps (Lair:8)
  21 porcupines
  42 orc warriors
  6 black bears (Lair:8)
  12 ogres
  3 phantoms
  9 ice beasts
  4 centaurs
  An eye of draining (D:11)
  21 crocodiles
  4 sky beasts
  2 big kobolds
  A gnoll sergeant (D:10)
  20 giant frogs
  A wyvern zombie (D:11)
  A wyvern skeleton (D:10)
  5 scorpions
  26 killer bees
  4 wights (D:7)
  6 electric eels
  A centaur zombie (D:11)
  2 jellies
  2 crimson imps
  A quasit (D:6)
  7 hounds
  Crazy Yiuf (D:5)
  3 centaur skeletons
  34 orc priests
  A draconian simulacrum (IceCv)
  40 orc wizards
  Terence (D:2)
  2 troll simulacra (IceCv)
  11 iguanas
  45 sheep
  4 hell rats (Lair:7)
  10 worker ants
  13 gnolls
  7 adders
  3 naga simulacra (IceCv)
  4 ogre simulacra (IceCv)
  64 river rats
  3 shadow imps
  3 white imps (Lair:1)
  An ooze (D:1)
  3 adder zombies
  A worm (D:3)
  8 giant geckos
  193 orcs
  11 bats
  2 bat skeletons
  A bat zombie (D:6)
  5 giant cockroaches
  18 hobgoblins
  9 quokkas
  A ball python (D:1)
  A ball python zombie (D:5)
  27 goblins
  2 jackals (D:9)
  33 kobolds
  A quokka skeleton (D:10)
  A quokka zombie (D:5)
  14 rats
  A fungus (Lair:6)
  A plant (Lair:6)
  4 tentacles (Shoals:2)
1477 creatures vanquished.

Vanquished Creatures (collateral kills)
  A giant cockroach (D:2)
  A hobgoblin (D:2)
  A kobold (D:2)
3 creatures vanquished.

Vanquished Creatures (others)
  A naga mage (Snake:4)
  A bush (D:9)
  24 fungi
  14 plants
  5 tentacles (Shoals:2)
  216 tentacle segments (Shoals:2)
261 creatures vanquished.

Grand Total: 1741 creatures vanquished

Notes
Turn   | Place    | Note
--------------------------------------------------------------
     0 | D:1      | patman the Human Artificer began the quest for the Orb.
     0 | D:1      | Reached XP level 1. HP: 15/15 MP: 3/3
   542 | D:1      | Reached XP level 2. HP: 21/21 MP: 4/4
   759 | D:1      | Reached XP level 3. HP: 23/26 MP: 5/5
  1364 | D:2      | Noticed Terence
  1687 | D:2      | Noticed Sigmund
  1704 | D:2      | Killed Terence
  1704 | D:2      | Reached XP level 4. HP: 32/32 MP: 6/6
  1755 | D:2      | Killed Sigmund
  1755 | D:2      | Reached skill level 4 in Long Blades
  1755 | D:2      | Reached XP level 5. HP: 37/37 MP: 7/7
  1755 | D:2      | Reached XP level 6. HP: 43/43 MP: 8/8
  2004 | D:2      | Found a sacrificial altar of Ru.
  2010 | D:2      | Found a snail-covered altar of Cheibriados.
  2013 | D:2      | Found a shattered altar of Ashenzari.
  2019 | D:2      | Became a worshipper of Cheibriados the Contemplative
  2174 | D:3      | Found a faded altar to an unknown god.
  2235 | D:3      | Reached skill level 5 in Long Blades
  2456 | D:3      | Acquired Cheibriados's first power
  3108 | D:4      | Found a staircase to the Ecumenical Temple.
  3146 | D:5      | Entered Level 5 of the Dungeon
  3198 | D:5      | Reached XP level 7. HP: 41/48 MP: 9/9
  3212 | D:5      | Reached skill level 6 in Long Blades
  3273 | D:5      | Noticed Crazy Yiuf
  3276 | D:5      | Killed Crazy Yiuf
  3440 | D:5      | Reached skill level 1 in Armour
  4526 | D:6      | Acquired Cheibriados's second power
  4562 | D:6      | Reached XP level 8. HP: 37/58 MP: 10/10
  5666 | D:7      | Noticed Menkaure
  5726 | D:6      | Acquired Cheibriados's third power
  5781 | D:7      | Found a sparkling altar of Nemelex Xobeh.
  5798 | D:7      | Killed Menkaure
  5798 | D:7      | Reached skill level 5 in Fighting
  5798 | D:7      | Reached skill level 5 in Armour
  5821 | D:7      | Reached XP level 9. HP: 15/68 MP: 11/11
  6888 | D:8      | Reached skill level 1 in Invocations
  6973 | D:8      | Noticed hexophile's ghost (experienced NaWz)
  7046 | D:8      | Reached skill level 5 in Invocations
  7046 | D:8      | Reached XP level 10. HP: 75/77 MP: 13/13
  7188 | D:8      | Found a radiant altar of Vehumet.
  7189 | D:8      | Found a burning altar of Makhleb.
  7488 | D:8      | Reached skill level 7 in Invocations
  7538 | D:8      | Killed hexophile's ghost
  7538 | D:8      | Reached skill level 8 in Invocations
  7940 | D:9      | Got a steaming ring mail
  7951 | D:9      | Identified the +3 ring mail of the Earth {Dex+4 SInv} (You found it on level 9 of the Dungeon)
  8098 | D:9      | Noticed a queen bee
  8101 | D:9      | Acquired Cheibriados's fourth power
  8101 | D:9      | Reached skill level 9 in Invocations
  8117 | D:9      | Killed a queen bee
  8117 | D:9      | Reached skill level 10 in Invocations
  8666 | D:9      | Reached XP level 11. HP: 21/84 MP: 18/18
  9134 | D:9      | Found a staircase to the Lair.
  9445 | D:9      | Found an opulent altar of Gozag.
  9464 | D:9      | Noticed Erolcha
  9474 | D:9      | Killed Erolcha
  9768 | D:10     | Entered Level 10 of the Dungeon
 10453 | D:10     | Noticed a hill giant
 10461 | D:10     | Killed a hill giant
 10784 | D:10     | Found Zusirios's Assorted Antiques.
 10815 | D:10     | Bought a scroll of blinking for 240 gold pieces
 11319 | D:10     | Reached XP level 12. HP: 89/97 MP: 19/19
 11325 | D:10     | Reached skill level 10 in Fighting
 11486 | D:10     | Reached skill level 10 in Armour
 11759 | D:11     | Found a sparkling altar of Nemelex Xobeh.
 11819 | D:11     | Noticed Erica
 11820 | D:11     | Noticed a four-headed hydra
 11825 | D:11     | Killed a four-headed hydra
 11825 | D:11     | Reached skill level 5 in Dodging
 11826 | D:11     | Killed Erica
 12297 | D:11     | Noticed a six-headed hydra
 12301 | D:11     | Killed a five-headed hydra
 13065 | D:11     | Found Viyk's General Store.
 13072 | D:11     | Bought a scroll of blinking for 82 gold pieces
 13072 | D:11     | Bought a potion of curing for 33 gold pieces
 13169 | D:11     | Noticed Josephine
 13181 | D:11     | Killed Josephine
 13248 | D:11     | Found a staircase to the Orcish Mines.
 13501 | Lair:1   | Entered Level 1 of the Lair of Beasts
 13580 | Lair:1   | Reached XP level 13. HP: 94/103 MP: 20/20
 13763 | Lair:1   | Reached skill level 10 in Long Blades
 14412 | Lair:1   | Reached skill level 11 in Long Blades
 14833 | Lair:1   | Noticed an ice dragon
 14853 | Lair:1   | Killed an ice dragon
 15172 | Lair:1   | Gained mutation: You have a pair of small antennae on your head. [potion of beneficial mutation]
 15425 | Lair:2   | Reached skill level 12 in Long Blades
 15671 | Lair:2   | Identified the Volume of Dislocation and Conjuration
 15907 | Lair:2   | Learned a level 1 spell: Apportation
 16002 | Lair:3   | Found a staircase to the Snake Pit.
 16859 | Lair:4   | Reached skill level 13 in Long Blades
 17532 | Lair:4   | Reached XP level 14. HP: 102/110 MP: 21/21
 17736 | Lair:5   | Found a staircase to the Shoals.
 17817 | Lair:5   | You fall through a shaft!
 17866 | Lair:6   | Reached skill level 14 in Long Blades
 19878 | Lair:6   | Learned a level 2 spell: Blink
 19878 | Lair:6   | Upgraded the game from 0.17-a0-1479-g4041c36 to 0.17-a0-1481-gfdcec5c
 20227 | Lair:7   | Found a stormy altar of Qazlal.
 20392 | Lair:7   | Reached XP level 15. HP: 90/120 MP: 12/22
 21248 | Lair:8   | Entered Level 8 of the Lair of Beasts
 21264 | Lair:8   | Found a runed door.
 21276 | Lair:8   | Found a viscous altar of Jiyva.
 21276 | Lair:8   | Noticed an acid blob
 21277 | Lair:8   | Noticed an acid blob
 21277 | Lair:8   | Noticed an acid blob
 21278 | Lair:8   | Found a staircase to the Slime Pits.
 22903 | Orc:1    | Entered Level 1 of the Orcish Mines
 23005 | Orc:1    | Found a frozen archway.
 23015 | Orc:1    | Noticed Maurice
 23033 | Orc:1    | Killed Maurice
 23051 | IceCv    | Entered an ice cave
 23940 | IceCv    | Reached XP level 16. HP: 105/133 MP: 23/23
 24412 | Orc:2    | Found Pair Rel's Antique Weapon Emporium.
 24905 | Orc:3    | Found a flagged portal.
 24923 | Bailey   | Entered a bailey
 25059 | Bailey   | Got a slimy scale mail
 25221 | Bailey   | Identified the +4 scale mail "Buessatu" {rElec Dex+4} (You took it off a kobold in a bailey)
 25258 | Orc:3    | Found Dodax's Antique Weapon Boutique.
 25290 | Orc:3    | Found Aclaf's Assorted Antiques.
 25336 | Orc:3    | Bought an ancient great sword for 322 gold pieces
 25341 | Orc:3    | Identified the +11 great sword "Dragon's Tongue" {elec, MP+9} (You bought it in a shop on level 3 of the Orcish Mines)
 25342 | Orc:3    | omg
 25685 | Orc:3    | Noticed Maud
 25694 | Orc:3    | Killed Maud
 25714 | Orc:3    | Found Tih Geme's Book Shoppe.
 26026 | Orc:4    | Entered Level 4 of the Orcish Mines
 26287 | Orc:4    | Found a staircase to the Elven Halls.
 26404 | Orc:4    | Found a roughly hewn altar of Beogh.
 26454 | Orc:4    | Found a roughly hewn altar of Beogh.
 27072 | Orc:4    | Found a roughly hewn altar of Beogh.
 27285 | Orc:4    | Found a roughly hewn altar of Beogh.
 27365 | Orc:4    | Found Erchiz's Antique Weapon Shoppe.
 27366 | Orc:4    | Found a roughly hewn altar of Beogh.
 27367 | Orc:4    | Found Ahisirr's Antique Armour Emporium.
 27374 | Orc:4    | Bought a pair of brightly glowing boots for 247 gold pieces
 27384 | Orc:4    | Identified the +2 pair of boots of Unambiguity {*Confuse rPois Str+6 Dex+4} (You bought it in a shop on level 4 of the Orcish Mines)
 27484 | Orc:4    | Found Muidy's General Store.
 27510 | Orc:4    | Reached skill level 15 in Long Blades
 27519 | Orc:4    | Found a roughly hewn altar of Beogh.
 27524 | Orc:4    | Found Niuwitsy's General Store.
 27529 | Orc:4    | Bought a potion of beneficial mutation for 385 gold pieces
 27529 | Orc:4    | Bought a scroll of blinking for 82 gold pieces
 27529 | Orc:4    | Gained mutation: You can spit weak poison. [potion of beneficial mutation]
 27530 | Orc:4    | Bought a potion of curing for 33 gold pieces
 27530 | Orc:4    | Bought 2 potions of invisibility for 176 gold pieces
 27688 | Orc:3    | Bought a book of Battle for 600 gold pieces
 27692 | Orc:3    | Learned a level 3 spell: Regeneration
 28097 | Snake:1  | Entered Level 1 of the Snake Pit
 28123 | Snake:1  | Noticed Aizul
 28133 | Snake:1  | Killed Aizul
 29391 | Snake:1  | Reached skill level 16 in Long Blades
 29696 | Snake:1  | Identified a scroll of acquirement
 30183 | Snake:2  | Noticed Duffy's ghost (mighty GrMo)
 31303 | Snake:2  | Found Bicsagumu's Distillery.
 31667 | Snake:2  | Killed Duffy's ghost
 31667 | Snake:2  | Reached XP level 17. HP: 81/139 MP: 24/24
 32236 | Snake:2  | Reached skill level 17 in Long Blades
 33440 | Snake:3  | Reached skill level 18 in Long Blades
 34673 | Snake:3  | Reached skill level 10 in Dodging
 35271 | Snake:3  | Reached XP level 18. HP: 127/146 MP: 25/25
 35653 | Snake:4  | Entered Level 4 of the Snake Pit
 37066 | Snake:4  | Noticed Vashnia
 37251 | Snake:4  | Killed Vashnia
 37811 | Snake:4  | Reached XP level 19. HP: 51/152 MP: 26/26
 38279 | Snake:4  | Reached skill level 15 in Dodging
 39046 | Snake:4  | Got a serpentine rune of Zot
 39391 | Shoals:1 | Entered Level 1 of the Shoals
 39407 | Shoals:1 | Reached skill level 15 in Armour
 39741 | Shoals:1 | Got an ancient cloak
 39746 | Shoals:1 | Got a scorched cloak
 39757 | Shoals:1 | Identified the +0 cloak "Tajikury" {rF- Str+3} (You acquired it on level 1 of the Shoals)
 39767 | Shoals:1 | Identified the -3 cloak of the Valley of Death {+Fly Slay+2} (You acquired it on level 1 of the Shoals)
 41328 | Shoals:3 | Found Xebunoujau's General Store.
 41336 | Shoals:3 | Bought a scroll of recharging for 171 gold pieces
 41834 | Shoals:4 | Entered Level 4 of the Shoals
 41842 | Shoals:4 | Noticed Jorgrun
 41855 | Shoals:4 | Killed Jorgrun
 41863 | Shoals:4 | Reached XP level 20. HP: 79/159 MP: 27/27
 42084 | Shoals:4 | Got a barnacled rune of Zot
 42398 | Shoals:4 | Identified Roxanne's Incunabulum of Transmutation
 42586 | Shoals:4 | Noticed Polyphemus
 42624 | Shoals:4 | Hit by a large rock thrown by Polyphemus

Vault maps used:
D:1:      evilmike_arrival_hilbert_curve, minmay_misc_feat_square
D:2:      grunt_temple_overflow_diamond, minmay_misc_feat_hallway, uniq_sigmund,
          uniq_terence
D:3:      ecumenical_altar_2
D:4:      minmay_temple_entry_statues_pillars
D:5:      first_bread, uniq_crazy_yiuf_cottage
D:6:      fountainhead
D:7:      lemuel_doored_altar, uniq_menkaure
D:8:      grunt_temple_overflow_lords_of_destruction
D:9:      kennysheep_mini_moat, minmay_lair_entry_grove, david_nohive_1,
          uniq_erolcha
D:10:     serial_shops, shop
D:11:     erik_orc_2, serial_shops, kennysheep_mini, grunt_ministairs_6,
          nemelex_xobeh_ov_fountains_minmay, uniq_erica, uniq_josephine
Lair:1:   ice2_lemuel
Lair:2:   infiniplex_staircase_pool_2
Lair:3:   minmay_snake_entry_guardpost_small
Lair:5:   shoals_dummy_entry
Lair:6:   minmay_lair_oklob_chamber, serial_bayou_lagoon_b
Lair:7:   basic_altar, minivault_27, serial_bayou_pond_b, grunt_megastairs_3,
          infiniplex_staircase_pool, lemuel_fruit_tree
Lair:8:   minmay_lair_end_enchanted_forest, slime_altar_2
Shoals:1: nicolae_shoals_mertower
Shoals:2: nicolae_shoals_wave_tunnel
Shoals:3: serial_shops, shop, nicolae_shoals_loop_pool
Shoals:4: serial_shops, shop, shoals_end_simple, shoal_ilsuiw, uniq_polyphemus,
          uniq_jorgrun
Snake:1:  uniq_aizul
Snake:2:  serial_shops, nicolae_shop_stone
Snake:3:  kennysheep_snake
Snake:4:  minmay_snake_end_coiled, uniq_vashnia
Orc:1:    portal_ice_cave_entry_pillars_02, uniq_maurice
Orc:2:    serial_shops, nicolae_shop_trees
Orc:3:    enter_bailey_3, serial_shops, nicolae_shop_overgrown_old_shop,
          nicolae_shop_crystal, shop, nicolae_orc_pool_cavern, uniq_maud
Orc:4:    grunt_orc_community_town_hall, grunt_orc_community_big_house_2,
          grunt_orc_community_big_house_2, grunt_orc_community_house_1,
          grunt_orc_community_house_1, grunt_orc_community_house_3,
          grunt_orc_community_house_2, grunt_orc_community_house_1, mines2_david
Bailey:   bailey_axe_4, bailey
IceCv:    ice_cave_tombish

Action                   |  1- 3 |  4- 6 |  7- 9 | 10-12 | 13-15 | 16-18 | 19-21 || total
-------------------------+-------+-------+-------+-------+-------+-------+-------++-------
Melee: Short sword       |    68 |       |   206 |    57 |       |       |       ||   331
       Falchion          |    31 |   137 |   194 |   526 |       |       |       ||   888
       Scimitar          |       |       |       |   246 |  1604 |   289 |       ||  2139
       Great sword       |       |       |       |       |       |  1128 |   482 ||  1610
Throw: Javelin           |       |       |       |       |       |       |     6 ||     6
Invok: Slouch            |       |       |     2 |    10 |     6 |     1 |    14 ||    33
       Bend Time         |       |       |       |     1 |       |       |       ||     1
 Abil: Evoke Flight      |       |       |       |       |       |     1 |       ||     1
Evoke: Wand              |    11 |     4 |     3 |    19 |     1 |     1 |     2 ||    41
  Use: Scroll            |       |    14 |     1 |    10 |    20 |    14 |     5 ||    64
       Potion            |       |       |     2 |     2 |     1 |     4 |     1 ||    10
 Stab: Sleeping          |     3 |       |       |     1 |       |       |       ||     4
       Fleeing           |       |       |       |       |     2 |       |       ||     2
       Distracted        |       |       |       |       |       |     3 |       ||     3
  Eat: Chunk             |     2 |     4 |     5 |     3 |     5 |     5 |     2 ||    26
       Meat ration       |       |       |     1 |     1 |     1 |     3 |     2 ||     8
       Royal jelly       |       |       |       |     2 |     6 |       |       ||     8
       Pizza             |       |       |       |     1 |       |       |     1 ||     2
       Beef jerky        |       |       |       |       |     2 |       |       ||     2
